 Dungeon Crawl Stone Soup version 0.25-a0-949-gdd2af9e06e (webtiles) character file.

Game seed: 3494445190744942006, levelgen mode: deterministic

1439 Flugslaktarn the Cleaver (level 8, -4/109 HPs)
             Began as a Minotaur Berserker on May 8, 2020.
             Was a Priest of Trog.
             Shot with an arrow by a centaur (6 damage)
             ... on level 7 of the Dungeon.
             The game lasted 00:03:00 (4861 turns).

Flugslaktarn the Cleaver (Minotaur Berserker)       Turns: 4861, Time: 00:03:01

Health: -4/109     AC: 14    Str: 24    XL:     8   Next: 45%
Magic:  7/7        EV:  7    Int:  4    God:    Trog [***...]
Gold:   59         SH:  0    Dex: 10    Spells: 7/7 levels left

rFire    . . .     SeeInvis .   c - +0 war axe
rCold    . . .     Gourm    .   (no shield)
rNeg     . . .     Faith    .   j - +0 plate armour
rPois    .         Spirit   .   (helmet restricted)
rElec    .         Reflect  .   g - +0 cloak
rCorr    .         Harm     .   (no gloves)
MR       .....                  (no boots)
Stlth    ..........             (no amulet)
HPRegen  0.28/turn              (no ring)
MPRegen  0.10/turn              (no ring)

@: berserking, very quick
A: retaliatory headbutt, horns 2
a: Berserk, Trog's Hand, Renounce Religion


You were on level 7 of the Dungeon.
You worshipped Trog.
Trog was most pleased with you.
You were hungry.

You visited 1 branch of the dungeon, and saw 7 of its levels.

You collected 277 gold pieces.
You spent 218 gold pieces at shops.

Inventory:

Hand Weapons
 c - a +0 war axe (weapon)
   (You took it off an orc on level 4 of the Dungeon)
Armour
 g - a +0 cloak (worn)
   (You found it on level 3 of the Dungeon)
 j - a +0 plate armour (worn)
   (You found it on level 2 of the Dungeon)
Scrolls
 a - 3 scrolls of fear {unknown}
 f - a scroll of enchant weapon {unknown}
 i - a scroll of magic mapping
 k - a scroll of teleportation {unknown}
 o - 2 scrolls of noise {unknown}
 p - a scroll of vulnerability {unknown}
 r - 2 scrolls of identify
 s - a scroll of immolation
 x - 3 scrolls of remove curse
 z - a scroll of blinking
Potions
 b - a potion of lignification
 d - 2 potions of might
 h - 3 potions of haste
 l - a potion of flight {unknown}
 m - a potion of berserk rage
 q - 2 potions of curing
Comestibles
 e - 6 rations


   Skills:
 + Level 7.2 Fighting
 * Level 9.6 Axes
 + Level 6.7 Armour
 - Level 2.2 Dodging


You had 7 spell levels left.
You didn't know any spells.
Your spell library was empty.

Dungeon Overview and Level Annotations

Branches:
Dungeon (7/15)             Temple (0/1) D:5

Altars:
Dithmenos
Hepliaklqana
Qazlal
Sif Muna
Wu Jian
Yredelemnul
The Shining One

Shops:
D:6 [

Annotations:
D:3 1 runed translucent door
D:7 Joseph


Innate Abilities, Weirdness & Mutations

You reflexively headbutt those who attack you in melee.
You have a pair of horns on your head.


Message History

Joseph hits you with a +0 quarterstaff.
The crimson imp blinks!
You closely miss Joseph. You headbutt Joseph!!
Joseph is heavily wounded.
You hit the orc warrior.
The centaur shoots an arrow.
The arrow closely misses you.
The orc warrior hits you but does no damage.
Joseph hits you with a +0 quarterstaff!
* * * LOW HITPOINT WARNING * * *
The centaur shoots an arrow.
The arrow hits you.
* * * LOW HITPOINT WARNING * * *
You are too injured to fight recklessly!
A red film seems to cover your vision as you go berserk!
You feel yourself moving faster!
You feel mighty!
You are feeling hungry.
Joseph hits you with a +0 quarterstaff!
* * * LOW HITPOINT WARNING * * *
The orc warrior hits you with a +0 long sword.
* * * LOW HITPOINT WARNING * * *
The centaur shoots an arrow.
The arrow hits you.
You die...

.........#
........#
.......##
....... .....
>Y. #o# #@####
#<@..# #..c#.#
....c....
.............
...........#...
.......<.... ..
#...........5 .
.........#....


You could see Joseph, an orc warrior, a sky beast, 2 centaurs and a crimson imp.

Vanquished Creatures
  Grinder (D:5)
  Sigmund (D:3)
  A hornet zombie (D:6)
  A centaur (D:7)
  2 scorpions
  A howler monkey (D:4)
  A centaur zombie (D:6)
  2 orc priests (D:6)
  3 bullfrog skeletons
  A hound (D:5)
  6 orc wizards
  5 worker ants
  An iguana (D:5)
  A hound skeleton (D:4)
  3 gnolls (D:4)
  A howler monkey skeleton (D:4)
  8 adders
  2 shadow imps (D:5)
  An ooze (D:5)
  2 adder skeletons
  A dart slug (D:3)
  6 leopard geckos
  14 orcs
  4 giant cockroaches
  5 goblins
  A hobgoblin (D:3)
  11 jackals
  3 kobolds
  4 quokkas
  6 bats
  A frilled lizard (D:1)
  11 rats
111 creatures vanquished.

Notes
Turn   | Place    | Note
-------+----------+-------------------------------------------
     0 | D:1      | Flugslaktarn the Minotaur Berserker began the quest for the
                  | Orb.
     0 | D:1      | Reached XP level 1. HP: 19/19 MP: 0/0
   114 | D:1      | You fall into a shaft and drop 1 floor!
   336 | D:1      | Reached skill level 4 in Axes
   336 | D:1      | Reached XP level 2. HP: 27/27 MP: 1/1
   564 | D:3      | Reached XP level 3. HP: 31/33 MP: 2/2
   670 | D:3      | Reached ** piety under Trog
   689 | D:3      | Noticed Sigmund
   764 | D:3      | Killed Sigmund
   764 | D:3      | Reached skill level 6 in Axes
   764 | D:3      | Reached XP level 4. HP: 12/41 MP: 3/3
   764 | D:3      | Reached XP level 5. HP: 14/47 MP: 4/4
  1054 | D:3      | Reached skill level 5 in Fighting
  1114 | D:3      | Found a faded altar of an unknown god.
  1552 | D:3      | Found a runed translucent door.
  1581 | D:4      | Reached XP level 6. HP: 47/56 MP: 5/5
  1698 | D:4      | Found a glowing golden altar of the Shining One.
  1769 | D:4      | Reached skill level 7 in Axes
  1993 | D:4      | Reached skill level 5 in Armour
  1993 | D:4      | Reached XP level 7. HP: 60/62 MP: 6/6
  2075 | D:4      | Found a hazy altar of Hepliaklqana.
  2619 | D:4      | Found a basalt altar of Yredelemnul.
  2979 | D:4      | Noticed an angel
  3005 | D:5      | Entered Level 5 of the Dungeon
  3005 | D:5      | Noticed Grinder
  3013 | D:5      | Killed Grinder
  3013 | D:5      | Reached skill level 8 in Axes
  3108 | D:5      | Found a shadowy altar of Dithmenos.
  3407 | D:5      | Found a stormy altar of Qazlal.
  3408 | D:5      | Noticed an air elemental
  3408 | D:5      | Noticed a water elemental
  3408 | D:5      | Noticed a fire elemental
  3438 | D:5      | Found a staircase to the Ecumenical Temple.
  3614 | D:5      | Reached *** piety under Trog
  3972 | D:6      | Reached XP level 8. HP: 64/71 MP: 7/7
  3975 | D:6      | Reached skill level 9 in Axes
  4308 | D:6      | Found Begehoe's Antique Armour Emporium.
  4315 | D:6      | Bought a dazzling chain mail for 218 gold pieces
  4325 | D:6      | Identified the +1 chain mail of the Pit {rF+ rC+ Str-5}
                  | (You bought it in a shop on level 6 of the Dungeon)
  4456 | D:6      | Found an ornate altar of the Wu Jian Council.
  4792 | D:6      | Found a shimmering blue altar of Sif Muna.
  4845 | D:7      | Noticed Joseph
  4861 | D:7      | HP: 2/109 [orc warrior/+0 long sword (5)]
  4861 | D:7      | Shot with an arrow by a centaur

Levels and vault maps discovered:
D:1:      minmay_arrival_cross, layout_loops_ring
D:2:      layout_basic, kennysheep_slug_shrine, uniq_terence
D:3:      layout_loops_ring, chequers_ecumenical_altar_simple,
          ebering_ghost_inner_flame, first_ration, uniq_sigmund
D:4:      layout_layer_cave, grunt_temple_overflow_holy_war, kennysheep_mini
D:5:      layout_loops_cross, nicolae_dithmenos_through_a_glass_darkly,
          minmay_temple_entry_butterflies, nicolae_qazlal_style_of_elements,
          uniq_grinder
D:6:      cheibrodos_quashed, layout_rooms, marbit_many_paths, serial_shops,
          nicolae_shop_temple_entry_statues_fountains, kennysheep_diamond,
          lemuel_blue_sif_altar
D:7:      layout_rooms, uniq_menkaure, uniq_pikel, uniq_duvessa, uniq_joseph

Skill      XL: |  1  2  3  4  5  6  7  8 |
---------------+-------------------------+-----
Axes           | 4 6 7 8 9 |  9.6
Fighting       | 4 5 6 7 |  7.2
Armour         | 3 4 5 6 |  6.7
Dodging        | |  2.2

Action                   |  1- 3 |  4- 6 |  7- 9 || total
-------------------------+-------+-------+-------++-------
Melee: Hand axe          |    64 |   107 |       ||   171
       Headbutt          |     7 |    13 |    28 ||    48
       War axe           |       |     3 |   125 ||   128
Invok: Berserk           |     2 |     1 |     3 ||     6
       Trog's Hand       |     1 |       |       ||     1
  Use: Potion            |     6 |       |       ||     6
       Scroll            |       |     6 |       ||     6
  Eat: Chunk             |       |     7 |     4 ||    11
       Ration            |       |       |     2 ||     2
Armor: Plate armour      |    33 |    96 |    83 ||   212
       Animal skin       |     3 |       |       ||     3
       Skin              |    15 |       |       ||    15
Dodge: Dodged            |    20 |    46 |    50 ||   116

Table legend:
 A = Non-vault XP
 B = Vault XP
 C = Vault XP percentage of total XP
 D = Non-vault monster count
 E = Vault monster count
 F = Vault count percentage of total count
                 A         B        C        D         E       F
            +---------+---------+-------+---------+---------+-------
      Total |    1500 |     557 |  27.1 |     106 |       5 |   4.5
            +---------+---------+-------+---------+---------+-------
        D:1 |      11 |       0 |   0.0 |       7 |       0 |   0.0
        D:2 |       4 |       0 |   0.0 |       3 |       0 |   0.0
        D:3 |     129 |     231 |  64.2 |      31 |       1 |   3.1
        D:4 |     514 |       0 |   0.0 |      26 |       0 |   0.0
        D:5 |     222 |     286 |  56.3 |      13 |       1 |   7.1
        D:6 |     476 |      40 |   7.8 |      16 |       3 |  15.8
        D:7 |     144 |       0 |   0.0 |      10 |       0 |   0.0
            +---------+---------+-------+---------+---------+-------
